 Dungeon Crawl Stone Soup version 0.31-a0-523-g071a6c1ffa (webtiles) character file.

Game seed: 1628216762112452392

4240 horus123 the Protected (level 10, -2/92 HPs)
             Began as an Armataur Fighter on Aug 12, 2023.
             Was a Believer of Makhleb.
             Slain by a hornet (3 damage)
             ... on level 7 of the Dungeon.
             The game lasted 00:15:28 (6745 turns).

horus123 the Protected (Armataur Fighter)           Turns: 6745, Time: 00:15:28

Health: -2/92      AC: 12    Str: 26    XL:     10   Next: 9%
Magic:  10/10      EV:  5    Int: 11    God:    Makhleb [**....]
Gold:   282        SH:  0    Dex:  9    Spells: 9/9 levels left

rFire   . . .        z - +2 battleaxe (flame)
rCold   . . .        (shield currently unavailable)
rNeg    . . .        N - +0 plate armour
rPois   .            (no helmet)
rElec   .            x - scarf {+Inv}
rCorr   +            (no gloves)
SInv    .            (no barding)
Will    +....        l - amulet of regeneration Stlth
                     h - ring of resist corrosion
HPRegen 1.15/turn    D - ring "Bustex" {Will+ Int+2}
MPRegen 0.12/turn

%: roll
@: mighty, lethally poisoned (-2 -> -3), slowed, very slow
A: large, rugged brown scales 3, deformed body, armoured tail, roll, long
tongue, awkward tongue
a: Renounce Religion, Evoke Invisibility, Minor Destruction


You were on level 7 of the Dungeon.
You worshipped Makhleb.
Makhleb was pleased with you.
You visited 2 branches of the dungeon, and saw 9 of its levels.

You collected 466 gold pieces.
You spent 184 gold pieces at shops.

Inventory:

Hand Weapons
 a - a +0 long sword
 z - a +2 battleaxe of flaming (weapon)
 K - a +0 hand axe
 M - a +0 war axe
Missiles
 i - 2 javelins
 s - 5 silver javelins (quivered)
 J - a throwing net
Armour
 b - a +0 scale mail
 c - a +0 buckler
 v - the +0 leather armour of Fykhlo {Regen+ Dex+2}
   (You bought it in a shop on level 1 of the Dungeon)

   Dex+2:     It affects your dexterity (+2).
   Regen+:    It increases your rate of health regeneration.
 x - a scarf of invisibility (worn)
 F - a +2 kite shield
 L - a +0 chain mail
 N - a +0 plate armour (worn)
Jewellery
 h - a ring of resist corrosion (left hand)
 l - an amulet of regeneration (around neck)
 y - a ring of see invisible
 D - the ring "Bustex" (right hand) {Will+ Int+2}
   (You found it on level 5 of the Dungeon)

   [ring of willpower]

   Int+2:     It affects your intelligence (+2).
   Will+:     It increases your willpower.
Wands
 k - a wand of roots (5)
 u - a wand of paralysis (8)
 A - a wand of polymorph (8)
 C - a wand of quicksilver (14)
 G - a wand of flame (13)
 I - a wand of mindburst (10)
Scrolls
 g - 2 scrolls of noise
 j - 4 scrolls of amnesia
 m - a scroll of poison
 n - 2 scrolls of fog
 q - 3 scrolls of teleportation
 r - 2 scrolls of fear
 E - 2 scrolls of silence
Potions
 d - 2 potions of might
 e - a potion of curing
 f - 2 potions of invisibility
 o - a potion of attraction
 p - 2 potions of ambrosia {unknown}
 t - 2 potions of degeneration {unknown}
 w - 2 potions of brilliance {unknown}
 B - a potion of magic {unknown}
 H - a potion of haste {unknown}
 O - a potion of heal wounds {unknown}


   Skills:
 + Level 7.4 Fighting
 - Level 6.0 Long Blades
 - Level 6.0 Axes
 - Level 10.3 Armour
 - Level 3.2 Shields


You had 9 spell levels left.
You didn't know any spells.
Your spell library contained the following spells:

 Spells                   Type           Power      Damage    Failure   Level
 Kiss of Death            Conj/Necr      0%         2d5       97%         1
 Slow                     Hex            0%         N/A       97%         1
 Blink                    Tloc           0%         N/A       99%         2
 Lesser Beckoning         Tloc           0%         N/A       99%         2
 Momentum Strike          Conj/Tloc      0%         3d8       99%         2
 Confusing Touch          Hex            0%         N/A       100%        3
 Vampiric Draining        Necr           0%         2d6       100%        3
 Anguish                  Hex/Necr       0%         N/A       100%        4
 Cause Fear               Hex            0%         N/A       100%        4
 Dispel Undead            Necr           0%         3d6       100%        4
 Enfeeble                 Hex            0%         N/A       100%        7


Dungeon Overview and Level Annotations

Branches:
Dungeon (8/15)             Temple (1/1) D:4
   Lair: D:8-11

Altars:
Ashenzari
Cheibriados
Dithmenos
Elyvilon
Gozag
Hepliaklqana
Makhleb
Nemelex Xobeh
Okawaru
Qazlal
Ru
Trog
Uskayaw
Vehumet
Wu Jian
Xom
Yredelemnul
Zin
The Shining One

Shops:
D:1 [   D:6 (   D:7 *


Innate Abilities, Weirdness & Mutations

You are completely covered in rugged brown scales. (AC +3, +7% HP)
Armour fits poorly on your strangely shaped body.
You have a long armoured tail.
You roll when moving toward enemies. (Rampage)
Your long tongue fully drains potion bottles. (2x potion effects)
Your tongue gives you trouble enunciating. (1.5x scroll delay)


Message History

Unknown command.
You feel very mighty all of a sudden.
You slurp down every last drop of the potion of might!
You feel sick.
You are no longer poisoned.
The hornet stings you!
* * * LOW HITPOINT WARNING * * *
You feel as though you will be slow longer.
The gnoll sergeant hits you from afar with a +0 spear.
* * * LOW HITPOINT WARNING * * *
The hornet stings you but does no damage.
The gnoll sergeant completely misses you.
You barely miss the hornet.
Your tail-slap misses the hornet.
The hornet stings you.
* * * LOW HITPOINT WARNING * * *
You feel as though you will be slow longer.
The hornet stings you.
* * * LOW HITPOINT WARNING * * *
You feel as though you will be slow longer.
The gnoll sergeant hits you but does no damage.
The hornet stings you.
* * * LOW HITPOINT WARNING * * *
You feel as though you will be slow longer.
The gnoll sergeant hits you but does no damage.
You barely miss the hornet.
Your tail-slap misses the hornet.
The hornet stings you but does no damage.
The hornet stings you.
* * * LOW HITPOINT WARNING * * *
You feel as though you will be slow longer.
The gnoll sergeant barely misses you. The hornet stings you.
* * * LOW HITPOINT WARNING * * *
You are lethally poisoned!
You feel as though you will be slow longer.
The gnoll sergeant barely misses you.
You slash the hornet! You burn the hornet.
The hornet is moderately wounded.
* * * LOW HITPOINT WARNING * * *
You feel very sick. The hornet completely misses you. The hornet stings you.
You die...

...# #....'....# ..## #....#....#
...# #....#....# ...# #)...#...>#
...# ######)########## ...#
#8........# #.# ...# .
#.........# #.# ...#
....#.........#####.#### ...#
......'gy@.....8##.......#
#.#######################.##.##.#
..##.......# #.# #.##.##.#
#.##.......###.# #.##.##.#
#...........##.##########.##....#
####...............).††...##....#
####............##)#####..###...#
................##.# #........#
>##########.##.###.## #.#####.##


You could see a hornet and a gnoll sergeant.

Vanquished Creatures
  A wizard (D:7)
  Grinder (D:5)
  Eustachio (D:5)
  A wyvern (D:7)
  2 steam dragons
  Edmund (D:4)
  A water moccasin (D:7)
  A sky beast (D:6)
  An ice beast (D:6)
  An orc warrior (D:7)
  2 black bears
  3 centaurs
  3 ogres
  The ghost of GoodGuyCap the Changeling, an amateur OpSh (D:3)
  A phantom (D:7)
  A gnoll sergeant (D:7)
  5 bullfrogs
  4 kobold brigands
  2 scorpions
  4 killer bees (D:8)
  A howler monkey (D:8)
  3 jellies
  5 orc priests
  4 hounds
  Ijyb (D:4)
  3 iguanas
  3 orc wizards
  3 adders
  A gnoll (D:7)
  A white imp (D:8)
  An ufetubus (D:4)
  2 worms
  6 dart slugs
  16 orcs
  12 ball pythons
  7 endoplasms
  4 giant cockroaches
  12 goblins
  6 hobgoblins
  2 jackals (D:3)
  4 quokkas
  6 bats
  8 frilled lizards
  29 kobolds
  5 rats
182 creatures vanquished.

Notes
Turn   | Place    | Note
-------+----------+-------------------------------------------
     0 | D:1      | horus123 the Armataur Fighter began the quest for the Orb.
     0 | D:1      | Reached XP level 1. HP: 19/19 MP: 1/1
    57 | D:1      | Found Uzuzxofe's Armour Boutique.
    74 | D:1      | Reached XP level 2. HP: 7/27 MP: 2/2
   540 | D:1      | Reached XP level 3. HP: 34/35 MP: 3/3
   572 | D:1      | Found a faded altar of an unknown god.
   694 | D:1      | Found a hide-covered altar of Uskayaw.
  1381 | D:3      | Found a sacrificial altar of Ru.
  1391 | D:3      | Reached XP level 4. HP: 43/43 MP: 4/4
  1599 | D:3      | Noticed GoodGuyCap's ghost (amateur OpSh)
  1608 | D:3      | Found a runed translucent gate.
  1608 | D:3      | Found a runed translucent gate.
  1608 | D:3      | Found a runed translucent gate.
  1778 | D:1      | Bought the +0 leather armour of Fykhlo {Regen+ Dex+2} for
                  | 184 gold pieces
  1823 | D:4      | Noticed a scorpion
  2109 | D:3      | Reached skill level 5 in Fighting
  2332 | D:3      | Reached XP level 5. HP: 47/51 MP: 5/5
  2342 | D:3      | Killed GoodGuyCap's ghost
  2407 | D:4      | Reached XP level 6. HP: 16/59 MP: 6/6
  2507 | D:4      | You fall into a shaft and drop 2 floors!
  2517 | D:6      | Noticed a steam dragon
  2572 | D:6      | Killed a steam dragon
  2573 | D:6      | Reached skill level 5 in Long Blades
  2573 | D:6      | Reached XP level 7. HP: 50/65 MP: 7/7
  2826 | D:6      | Reached skill level 1 in Axes
  2873 | D:6      | Found Ocrepukh's Weapon Shop.
  3099 | D:6      | Reached XP level 8. HP: 52/72 MP: 8/8
  3173 | D:5      | Entered Level 5 of the Dungeon
  3173 | D:5      | Found a glowing drain.
  3180 | D:5      | Noticed Eustachio
  3199 | D:5      | Killed Eustachio
  3200 | D:5      | Reached skill level 5 in Axes
  3240 | D:5      | Noticed Grinder
  3246 | D:5      | Paralysed by Grinder for 4 turns
  3250 | D:5      | Killed Grinder
  3280 | D:4      | Noticed Ijyb
  3299 | D:4      | Killed Ijyb
  3330 | D:4      | Reached skill level 4 in Armour
  3331 | D:4      | Reached skill level 5 in Armour
  3572 | D:4      | Found a staircase to the Ecumenical Temple.
  3583 | D:4      | Reached skill level 6 in Armour
  3587 | Temple   | Entered the Ecumenical Temple
  3855 | Temple   | Became a worshipper of Makhleb the Destroyer
  3891 | D:4      | Noticed Edmund
  3902 | D:4      | Killed Edmund
  4194 | D:5      | Reached XP level 9. HP: 79/79 MP: 9/9
  4249 | D:5      | Identified the ring "Bustex" {Will+ Int+2}
  4278 | D:5      | Reached skill level 7 in Armour
  4678 | D:5      | Found an opulent altar of Gozag.
  5414 | D:6      | Reached skill level 8 in Armour
  5431 | D:6      | Found a glowing golden altar of the Shining One.
  5632 | D:7      | Reached * piety under Makhleb
  5633 | D:7      | Reached skill level 9 in Armour
  6083 | D:7      | Found Osuod's General Store.
  6176 | D:7      | Reached skill level 10 in Armour
  6422 | D:8      | Found a stormy altar of Qazlal.
  6676 | D:7      | Noticed a wizard
  6688 | D:7      | Reached ** piety under Makhleb
  6708 | D:7      | Killed a wizard
  6709 | D:7      | Reached XP level 10. HP: 41/92 MP: 10/10
  6737 | D:7      | Paralysed by a hornet for 3 turns
  6744 | D:7      | HP: 3/92 [hornet (2)]
  6745 | D:7      | HP: 1/92 [poisoned by a hornet]
  6745 | D:7      | Slain by a hornet

Illustrated notes

Levels and vault maps discovered:
D:1:      sevenhm_arrival_forest_fort_small_6, layout_basic, serial_shops, shop,
          shapermc_ecumenical_altar_mp_highgroup, chequers_mini_garden
D:2:      layout_loops_cross, chequers_garden
D:3:      minmay_bubble_buster, layout_basic, nicolae_ru_awakened_eye,
          gammafunk_ghost_split
D:4:      layout_cave_pools, temple_fountains, grunt_decor_junction, uniq_ijyb,
          uniq_edmund
D:5:      layout_layer_cave, mainiacjoe_overflow_tiny_flanked,
          gup_sewer_entry_glass, nicolae_twisty_statue_hallways, uniq_grinder,
          uniq_eustachio
D:6:      layout_basic, general_overflow_altar, serial_shops, shop
D:7:      minmay_klotski, layout_loops_ring, serial_shops,
          nicolae_shop_peninsula, minmay_holes
D:8:      layout_loops_ring, mainiacjoe_overflow_small_starburst,
          hangedman_decor_push, nicolae_houndstooth_variations
Temple:   dpeg_chambers_temple

Skill      XL: |  1  2  3  4  5  6  7  8  9 |
---------------+----------------------------+-----
Fighting       | 3 4 5 7 |  7.4
Long Blades    | 2 4 5 6 |  6.0
Axes           | 3 6 |  6.0
Armour         | 6 10 | 10.3
Shields        | |  3.2

Action                     |  1- 3 |  4- 6 |  7- 9 | 10-12 || total
---------------------------+-------+-------+-------+-------++-------
  Melee: Long sword        |   130 |   127 |    45 |       ||   302
         Tailslap          |    18 |    17 |    37 |     1 ||    73
         Battleaxe         |       |       |   263 |    12 ||   275
         Unarmed           |       |       |    13 |       ||    13
    Use: Potion            |       |     1 |     1 |     1 ||     3
         Scroll            |       |       |    11 |       ||    11
   Stab: Sleeping          |       |       |     1 |       ||     1
 Armour: Scale mail        |    78 |    14 |       |       ||    92
         Leather armour    |       |    73 |    85 |       ||   158
         Skin              |       |       |     3 |       ||     3
         Plate armour      |       |       |    79 |    15 ||    94
  Dodge: Dodged            |    39 |    73 |   158 |     5 ||   275
  Block: Buckler           |    26 |    33 |     8 |       ||    67

Table legend: (Time is in decaauts)
 A = Elapsed time spent in this place.
 B = Non-inter-level travel time spent in this place.
 C = Inter-level travel time spent in this place.
 D = Time resting spent in this place.
 E = Time spent auto-exploring this place.
 F = Levels seen in this place.
 G = Mean time per level.
                   A        B        C        D        E       F      G
               +--------+--------+--------+--------+--------+-----+--------+
         Total |   6954 |   6679 |    275 |    456 |   4382 |   9 |  772.7 |
       Dungeon |   6664 |   6410 |    254 |    456 |   4382 |   8 |  833.0 |
        Temple |    289 |    268 |     21 |      0 |      0 |   1 |  289.0 |
               +--------+--------+--------+--------+--------+-----+--------+

Top non-repeatable levels by time:
     D:5: 1183 daAuts
     D:6: 1016 daAuts
     D:3: 986 daAuts
     D:7: 843 daAuts
     D:1: 770 daAuts
     D:4: 758 daAuts
     D:2: 707 daAuts
     D:8: 400 daAuts
  Temple: 289 daAuts
